 Dungeon Crawl Stone Soup version 0.30-a0-860-g512cf1e979 (webtiles) character file.

Game seed: 5226512415857278141

2195 112233 the Fighter (level 9, -5/97 HPs)
             Began as an Ogre Fire Elementalist on Mar 8, 2023.
             Slain by a killer bee (7 damage)
             ... on level 7 of the Dungeon.
             The game lasted 00:12:59 (10272 turns).

112233 the Fighter (Ogre Fire Elementalist)        Turns: 10272, Time: 00:13:00

Health: -5/97      AC:  4    Str: 14    XL:     9   Next: 34%
Magic:  18/20      EV: 10    Int: 20    God:
Gold:   339        SH:  0    Dex: 13    Spells: 11/23 levels left

rFire   + . .      SeeInvis .    x - +10 war axe of Doom {venom, *Rage rF+ Dex+4}
rCold   . . .      Faith    .    (no shield)
rNeg    . . .      Spirit   .    a - +0 robe
rPois   .          Reflect  .    (helmet restricted)
rElec   .          Rampage  .    q - +0 cloak
rCorr   .          Rage     20%  (gloves unavailable)
Will    .....                    (boots unavailable)
Stlth   ++                       (no amulet)
HPRegen 1.16/turn                (no ring)
MPRegen 0.17/turn                (no ring)

@: lethally poisoned (-5 -> -9), on blink cooldown
A: large, unfitting armour, tough skin 1, horns 1, talons 1, regeneration 1
a: no special abilities


You were on level 7 of the Dungeon.
You visited 2 branches of the dungeon, and saw 9 of its levels.

You collected 339 gold pieces.

Inventory:

Hand Weapons
 c - a +0 club
 n - a +1 short sword of protection
 o - a +0 dagger of venom
 w - a +2 whip of venom
 x - the +10 war axe of Doom (weapon) {venom, *Rage rF+ Dex+4}
   (You found it on level 7 of the Dungeon)

   Dex:       It affects your dexterity (+4).
   rF:        It protects you from fire.
   *Rage:     It berserks you when you make melee attacks (+20% chance).
Armour
 a - a +0 robe (worn)
 q - a +0 cloak (worn)
Wands
 u - a wand of iceblast (13)
Scrolls
 d - 2 scrolls of fog {unknown}
 f - a scroll of identify
 i - a scroll of vulnerability {unknown}
 k - 2 scrolls of magic mapping {unknown}
 p - a scroll of noise {unknown}
 r - 4 scrolls of teleportation {unknown}
 t - a scroll of immolation {unknown}
Potions
 b - a potion of mutation
 e - a potion of flight {unknown}
 j - 2 potions of brilliance
 l - a potion of attraction
 m - a potion of magic
 s - 2 potions of heal wounds {unknown}
 v - a potion of degeneration {unknown}


   Skills:
 + Level 8.4 Fighting
 - Level 2.0 Dodging
 - Level 1.5 Stealth
 + Level 7.5 Spellcasting
 + Level 4.9 Conjurations
 + Level 5.6 Fire Magic


You had 11 spell levels left.
You knew the following spells:

 Your Spells              Type           Power      Damage    Failure   Level
a - Foxfire               Conj/Fire      100%       2x1d9     1%          1
b - Scorch                Fire           60%        2d8       1%          2
c - Blink                 Tloc           14%        N/A       14%         2
d - Kindle Blastsparks    Fire/Tloc/Air  30%        2d12      12%         3
e - Flame Wave            Conj/Fire      28%        2d9       10%         4

Your spell library contained the following spells:

 Spells                   Type           Power      Damage    Failure   Level
 Kiss of Death            Conj/Necr      68%        2d10      3%          1
 Momentum Strike          Conj/Tloc      34%        3d8       4%          2
 Inner Flame              Hex/Fire       18%        N/A       9%          3
 Sticky Flame             Conj/Fire      28%        2d5       10%         4
 Lesser Beckoning         Tloc           14%        N/A       14%         2
 Confusing Touch          Hex            7%         N/A       26%         3
 Dispel Undead            Necr           7%         3d8       65%         4


Dungeon Overview and Level Annotations

Branches:
Dungeon (8/15)             Temple (1/1) D:4
   Lair: D:8-11

Altars:
Ashenzari
Dithmenos
Fedhas
Hepliaklqana
Makhleb
Nemelex Xobeh
Okawaru
Qazlal
Ru
Sif Muna
Trog
Uskayaw
Wu Jian
Xom
Yredelemnul
Zin
The Shining One

Shops:
D:5 !   D:7 (

Annotations:
D:5 exclusion: upstairs


Innate Abilities, Weirdness & Mutations

You are too large for most types of armour.
You have tough skin. (AC +1)
You have a pair of small horns on your head.
You have sharp toenails.
Your natural rate of healing is unusually fast.


Message History

You are more poisoned.
The killer bee poisons you! The yak gores you!
* * * LOW HITPOINT WARNING * * *
The killer bee stings you.
* * * LOW HITPOINT WARNING * * *
The killer bee stings you.
* * * LOW HITPOINT WARNING * * *
Casting: Scorch (safe; 1% risk of failure)
Confirm with . or Enter, or press ? or * to list all spells.
Okay, then.
Casting: Scorch (safe; 1% risk of failure)
Confirm with . or Enter, or press ? or * to list all spells.
Okay, then.
Casting: Scorch (safe; 1% risk of failure)
Confirm with . or Enter, or press ? or * to list all spells.
You blink.
* * * LOW HITPOINT WARNING * * *
You feel very sick.
Unknown command.
Aiming: Iceblast
Press: ? - help, Shift-Dir - straight line The mass of ice explodes!
The iceblast engulfs the killer bee!
The killer bee is severely wounded.
The iceblast engulfs the killer bee!
The killer bee is almost dead.
* * * LOW HITPOINT WARNING * * *
You feel very sick. The killer bee stings you!
* * * LOW HITPOINT WARNING * * *
Unknown command.
Aiming: Iceblast
Press: ? - help, Shift-Dir - straight line
Okay, then.
It was a potion of mutation.
You feel extremely strange.
You begin to heal more quickly.
A pair of horns grows on your head!
Your toenails lengthen and sharpen.
* * * LOW HITPOINT WARNING * * *
You feel very sick. The killer bee closely misses you.
The killer bee stings you!
You die...

### ##.# ##### ##.##
##...#### ###..#
#.......#######...##
#......÷..........## ###
#....##.>.....@....####
##.#
#########....yy.......###
##.##
#...............###..#
###+#......####...##..##
#.'∩+..Y..## ##..###..#
##.#+###§.## #.)# ##..
#....##...# #..# ##.
##.#####..## #..# ## #..#
##..## #..#


You could see a yak and 2 killer bees.

Vanquished Creatures
  3 yaks (D:7)
  A black bear (D:6)
  2 ice beasts (D:6)
  2 sky beasts (D:6)
  An ogre (D:4)
  A phantom (D:5)
  A kobold brigand (D:7)
  A bullfrog (D:6)
  2 scorpions
  2 killer bees (D:7)
  5 hounds
  3 orc priests (D:4)
  3 jellies
  5 iguanas
  2 orc wizards
  7 gnolls
  7 adders
  4 white imps
  An ufetubus (D:5)
  3 dart slugs
  17 orcs
  2 bats (D:1)
  3 endoplasms
  3 giant cockroaches (D:1)
  5 goblins
  8 hobgoblins
  6 quokkas
  6 ball pythons
  4 frilled lizards
  11 kobolds
  4 rats
125 creatures vanquished.

Vanquished Creatures (others)
  An orc warrior (D:4)
  354 foxfires
355 creatures vanquished.

Grand Total: 480 creatures vanquished

Notes
Turn   | Place    | Note
-------+----------+-------------------------------------------
     0 | D:1      | 112233 the Ogre Fire Elementalist began the quest for the
                  | Orb.
     0 | D:1      | Reached XP level 1. HP: 16/16 MP: 3/3
    86 | D:1      | Reached skill level 1 in Conjurations
   155 | D:1      | Reached XP level 2. HP: 18/24 MP: 0/5
   613 | D:1      | Reached skill level 1 in Fighting
   752 | D:1      | Reached XP level 3. HP: 33/33 MP: 2/7
  1017 | D:1      | Learned a level 2 spell: Scorch
  1435 | D:2      | Reached skill level 2 in Fighting
  1815 | D:2      | Reached XP level 4. HP: 44/44 MP: 5/9
  2855 | D:3      | Reached skill level 3 in Fighting
  3427 | D:3      | Learned a level 2 spell: Blink
  3643 | D:4      | Noticed an ogre
  3662 | D:5      | Entered Level 5 of the Dungeon
  3683 | D:5      | Noticed a scorpion
  3687 | D:5      | Killed a scorpion
  3688 | D:5      | Reached skill level 4 in Fighting
  3688 | D:5      | Reached XP level 5. HP: 54/54 MP: 6/11
  3897 | D:5      | Found Jeitapn's Distillery.
  3970 | D:4      | Noticed an orc warrior
  4142 | D:5      | Reached XP level 6. HP: 63/63 MP: 6/13
  4459 | D:5      | Reached skill level 5 in Spellcasting
  4712 | D:5      | Reached skill level 5 in Fighting
  4770 | D:4      | Found a staircase to the Ecumenical Temple.
  4783 | Temple   | Entered the Ecumenical Temple
  5121 | D:4      | Reached XP level 7. HP: 63/72 MP: 7/14
  5190 | D:4      | Found an ornate altar of the Wu Jian Council.
  5847 | D:5      | Reached skill level 6 in Fighting
  6191 | D:6      | Reached XP level 8. HP: 64/84 MP: 1/17
  6795 | D:6      | Reached skill level 7 in Fighting
  6800 | D:6      | Learned a level 3 spell: Kindle Blastsparks
  6805 | D:6      | Learned a level 4 spell: Flame Wave
  8109 | D:4      | Reached skill level 5 in Fire Magic
  8826 | D:7      | Identified the +10 war axe of Doom {venom, *Rage rF+ Dex+4}
  8905 | D:7      | Reached XP level 9. HP: 88/94 MP: 7/19
  9385 | D:7      | Found Seevobut's Weapon Shoppe.
  9959 | D:7      | Reached skill level 8 in Fighting
 10271 | D:7      | HP: 4/97 [killer bee (8)]
 10272 | D:7      | Gained mutation: Your natural rate of healing is unusually
                  | fast. [potion of mutation]
 10272 | D:7      | Gained mutation: You have a pair of small horns on your
                  | head. [potion of mutation]
 10272 | D:7      | Gained mutation: You have sharp toenails. [potion of
                  | mutation]
 10272 | D:7      | Slain by a killer bee

Illustrated notes

Levels and vault maps discovered:
D:1:      evilmike_arrival_crescent, layout_loops_ring
D:2:      layout_loops_corners, nicolae_eternal_life
D:3:      layout_loops_ring, nrook_uturn, minmay_misc_feat_plants
D:4:      layout_basic, mainiacjoe_overflow_surrounded_room,
          minmay_temple_entry_drinking_statues
D:5:      layout_loops_corners, serial_shops, nicolae_stop_n_shop_1,
          bh_walls_and_bars
D:6:      layout_cave_pods
D:7:      layout_layer_cave, serial_shops, nicolae_shop_behind_doors
D:8:      nzn_winding_woodlands_three_and_one
          [nzn_winding_woodlands_5x15_jagged, nzn_winding_woodlands_5x15_pool,
          nzn_winding_woodlands_5x15_twine,
          nzn_winding_woodlands_center_triple_pond], layout_layer_cave,
          grunt_temple_overflow_open, nicolae_concentric_dashed_squares_wild
Temple:   nicolae_temple_superstar

Skill      XL: |  1  2  3  4  5  6  7  8  9 |
---------------+----------------------------+-----
Conjurations   | 1 2 3 4 |  4.9
Dodging        | 2 |  2.0
Fighting       | 1 2 4 5 6 7 8 |  8.4
Spellcasting   | 3 4 5 6 7 |  7.5
Fire Magic     | 3 4 5 |  5.6
Stealth        | |  1.5

Action                     |  1- 3 |  4- 6 |  7- 9 || total
---------------------------+-------+-------+-------++-------
  Melee: Club              |    22 |       |       ||    22
         Short sword       |       |       |     5 ||     5
         Whip              |       |       |     2 ||     2
         War axe           |       |       |     4 ||     4
   Cast: Foxfire           |    81 |    62 |    78 ||   221
         Scorch            |       |    28 |    63 ||    91
         Blink             |       |       |     2 ||     2
  Evoke: Wand              |       |       |     5 ||     5
    Use: Potion            |     1 |     1 |     8 ||    10
         Scroll            |       |       |     3 ||     3
 Armour: Robe              |    19 |     7 |    21 ||    47
         Skin              |       |     1 |       ||     1
  Dodge: Dodged            |    37 |     5 |    65 ||   107

Table legend: (Time is in decaauts)
 A = Elapsed time spent in this place.
 B = Non-inter-level travel time spent in this place.
 C = Inter-level travel time spent in this place.
 D = Time resting spent in this place.
 E = Time spent auto-exploring this place.
 F = Levels seen in this place.
 G = Mean time per level.
                   A        B        C        D        E       F      G
               +--------+--------+--------+--------+--------+-----+--------+
         Total |  10297 |   9741 |    556 |    789 |   7754 |   9 | 1144.1 |
       Dungeon |  10190 |   9653 |    537 |    789 |   7681 |   8 | 1273.8 |
        Temple |    106 |     88 |     18 |      0 |     73 |   1 |  106.0 |
               +--------+--------+--------+--------+--------+-----+--------+

Top non-repeatable levels by time:
     D:4: 1809 daAuts
     D:7: 1681 daAuts
     D:5: 1658 daAuts
     D:1: 1435 daAuts
     D:6: 1235 daAuts
     D:2: 1225 daAuts
     D:3: 1125 daAuts
  Temple: 106 daAuts
     D:8: 20 daAuts
